Map: Oceanborn LE

Players

HUMAN - Winner!

  • Race: Terran Terran
  • League: Gold
  • Spawn Location: 11:00

开坦克的小蜜蜂

  • Race: Protoss Protoss
  • Spawn Location: 5:00

VOD

Have the link to the VOD?

Description

Time

  • Played on: April 16, 2024, 12:38 p.m.
  • Length: 9:43
Show
View Real Time Build Order
Export as new Build Order

HUMAN Terran - Winner!

Build Orders:  

Get SALT Encoding   

  12  0:01  SCV  
  13  0:16  Supply Depot  
  13  0:17  SCV  
  14  0:29  SCV  
  14  0:30  Refinery  
  15  0:42  Barracks  
  15  0:45  SCV  
  16  0:57  SCV  
  16  0:58  Refinery  
  17  1:12  SCV  
  18  1:25  SCV  
  19  1:31  Reaper  
  20  1:33  Supply Depot  
  20  1:38  Orbital Command  
  20  2:04  Factory  
  20  2:09  Barracks Tech Lab  
  20  2:10  SCV  
  21  2:22  SCV  
  22  2:30  Stimpack  
  22  2:32  Marine  
  22  2:34  SCV  
  24  2:46  SCV  
  24  2:48  Factory Reactor  
  24  2:50  Marine  
  26  2:55  Starport  
  26  2:58  SCV  
  27  3:19  SCV  
  28  3:23  Marine  
  29  3:32  SCV  
  30  3:41  Marine  
  31  3:47  Barracks  
  30  3:50  Starport Tech Lab  
  30  3:51  Factory Tech Lab  
  30  3:54  Barracks  
  30  4:01  Command Center  
  30  4:02  Marine  
  31  4:16  SCV  
  32  4:19  Marine, Supply Depot  
  32  4:21  Supply Depot  
  32  4:22  Siege Tank  
  36  4:28  SCV  
  37  4:32  Interference Matrix  
  37  4:37  Marine x2  
  39  4:40  Marine  
  40  4:45  Marine  
  41  4:55  Siege Tank, Marine  
  45  5:10  Supply Depot  
  45  5:11  Marine  
  45  5:12  Marine x2  
  48  5:16  Raven  
  50  5:22  Orbital Command  
  50  5:26  Marine  
  51  5:33  Supply Depot  
  51  5:34  SCV  
  52  5:45  Combat Shield  
  52  5:46  SCV  
  53  5:54  SCV  
  54  5:58  SCV  
  55  6:04  Engineering Bay  
  55  6:05  Supply Depot, Engineering Bay  
  55  6:06  Marine x3  
  58  6:11  Marine  
  58  6:16  SCV x2  
  61  6:24  Marine  
  62  6:28  SCV  
  62  6:36  Marine x2  
  62  6:37  Siege Tank, Marine  
  62  6:38  SCV  
  69  6:40  SCV  
  69  6:42  Marine  
  69  6:50  SCV  
  62  7:06  Marine x4  
  65  7:09  Siege Tank, SCV  
  65  7:10  SCV  
  70  7:22  SCV  
  69  7:24  Marine x4  
  72  7:33  Command Center  
  69  7:41  Siege Tank, Marine  
  69  7:42  Marine x3  
  76  7:47  SCV  
  74  7:59  Marine x2  
  74  8:00  SCV x2, Marine x2  
  80  8:07  Supply Depot  
  80  8:12  SCV  
  81  8:13  Refinery  
  81  8:14  Siege Tank, Supply Depot  
  81  8:16  Refinery  
  81  8:17  Marine x2  
  86  8:26  Armory  
  85  8:46  Siege Tank  
  87  8:53  Marine x4  
  87  8:55  Orbital Command  
  91  9:11  Marine x3  
  91  9:14  Marine  
  94  9:35  Supply Depot  
Show
View Real Time Build Order
Export as new Build Order

开坦克的小蜜蜂 Protoss 

Build Orders: 1 Gate Expand, Blink Stalkers 

Get SALT Encoding   

  12  0:00  Probe (Chrono Boost)  
  13  0:10  Probe (Chrono Boost)  
  14  0:19  Pylon  
  14  0:22  Probe  
  15  0:30  Assimilator  
  15  0:37  Probe  
  16  0:45  Gateway  
  16  0:49  Probe  
  17  1:01  Probe  
  18  1:13  Probe  
  19  1:32  Nexus  
  19  1:42  Cybernetics Core  
  19  1:43  Probe (Chrono Boost)  
  20  1:47  Assimilator  
  21  1:55  Probe (Chrono Boost)  
  21  2:03  Pylon  
  21  2:10  Probe (Chrono Boost)  
  22  2:22  Probe (Chrono Boost)  
  23  2:33  Assimilator  
  23  2:38  Gateway  
  23  2:47  Adept  
  23  2:48  Warp Gate  
  23  2:49  Twilight Council  
  25  3:52  Stalker  
  25  3:54  Probe (Chrono Boost)  
  28  3:59  Blink  
  29  4:04  Probe (Chrono Boost)  
  29  4:07  Probe (Chrono Boost)  
  30  4:12  Probe (Chrono Boost)  
  30  4:16  Probe (Chrono Boost)  
  32  4:24  Probe x2 (Chrono Boost)  
  34  4:25  Stargate  
  34  4:27  Pylon  
  34  4:31  Probe  
  34  4:32  Forge  
  34  4:33  Probe  
  34  4:38  Adept  
  38  4:40  Adept  
  41  4:46  Probe (Chrono Boost)  
  41  4:47  Probe (Chrono Boost)  
  42  4:52  Assimilator  
  42  4:56  Robotics Facility  
  42  4:57  Probe (Chrono Boost)  
  42  4:58  Pylon  
  43  5:01  Probe (Chrono Boost)  
  43  5:07  Oracle (Chrono Boost), Forge  
  44  5:13  Probe  
  48  5:16  Stalker  
  50  5:25  Probe (Chrono Boost)  
  51  5:35  Probe (Chrono Boost)  
  52  5:40  Probe (Chrono Boost)  
  53  5:51  Probe  
  54  5:58  Gateway  
  54  6:01  Templar Archives  
  54  6:05  Photon Cannon  
  54  6:09  Shield Battery  
  54  6:20  Photon Cannon  
  54  6:24  Shield Battery  
  54  6:27  Probe  
  52  6:38  High Templar  
  52  6:39  Psionic Storm  
  54  6:46  Pylon  
  54  7:02  Probe  
  54  7:05  Stalker  
  45  7:14  Probe  
  46  7:22  Stalker  
  48  7:52  Gateway  
  48  7:56  Pylon  
  48  8:07  Gateway  
  48  8:13  Photon Cannon  
  48  8:14  Probe  
  49  8:26  Probe  
  50  8:27  Nexus  
  50  8:30  Assimilator  
  50  8:32  Assimilator  
  50  8:34  Stalker  
  50  8:35  Pylon  
  50  8:37  Pylon  
  38  9:03  Zealot  
Tags
 
Composition
Blink Stalkers
League
Gold
Matchup
PvT
Spawn Locations
Cross Positions
Add a new tag
Caveats
  • Supply blocks, unpowered buildings, or Contaminate may cause inaccurate times.
  • Supply counts are checked every 10 seconds.